 Dungeon Crawl Stone Soup version 0.30.0-19-g36f170ea60 (webtiles) character file.

Game seed: 2382616013271571673

113 Graphine the Gusty (level 4, 0/35 HPs)
             Began as a Draconian Air Elementalist on May 28, 2023.
             Slain by an orc wizard
             ... wielding a +0 dagger
              (2 damage)
             ... on level 3 of the Dungeon.
             The game lasted 00:06:27 (2378 turns).

Graphine the Gusty (Draconian Air Elementalist)     Turns: 2378, Time: 00:06:27

Health: 0/35       AC:  5    Str: 11    XL:     4   Next: 65%
Magic:  4/7        EV: 12    Int: 17    God:
Gold:   163        SH:  0    Dex: 11    Spells: 4/7 levels left

rFire   . . .        m - +6 club
rCold   . . .        (no shield)
rNeg    . . .        (body armour unavailable)
rPois   .            (helmet restricted)
rElec   .            (no cloak)
rCorr   .            (no gloves)
SInv    .            (no boots)
Will    .....        j - amulet of the acrobat
Stlth   +            d - ring of flight
HPRegen 0.25/turn    (no ring)
MPRegen 0.10/turn

%: acrobat
@: confused, brilliant, flying
A: AC +5, unfitting armour, cold-blooded
a: no special abilities


You were on level 3 of the Dungeon.
You visited 1 branch of the dungeon, and saw 3 of its levels.

You collected 163 gold pieces.

Inventory:

Hand Weapons
 m - a +6 club (weapon)
Armour
 i - the +1 robe of Ulouk {Harm rF+ rC+}
   (You found it on level 2 of the Dungeon)

   rF:        It protects you from fire.
   rC:        It protects you from cold.
   Harm:      It increases damage dealt and taken.
Jewellery
 d - a ring of flight (left hand)
 j - an amulet of the acrobat (around neck)
Scrolls
 h - a scroll of magic mapping {unknown}
Potions
 a - a potion of magic
 b - a potion of flight
 c - 3 potions of curing
 f - 2 potions of cancellation
 g - a potion of degeneration
 k - a potion of brilliance


   Skills:
 + Level 1.5 Fighting
 + Level 2.3 Dodging
 - Level 1.7 Stealth
 + Level 2.4 Spellcasting
 * Level 2.4 Conjurations
 * Level 3.8 Air Magic


You had 4 spell levels left.
You knew the following spells:

 Your Spells              Type           Power      Damage    Failure   Level
a - Shock                 Conj/Air       76%        1d7       4%          1
b - Static Discharge      Conj/Air       38%        2-4/arc   8%          2

Your spell library contained the following spells:

 Spells                   Type           Power      Damage    Failure   Level
 Swiftness                Air            22%        N/A       12%         3
 Poisonous Vapours        Pois/Air       24%        N/A       13%         2
 Mephitic Cloud           Conj/Pois/Air  13%        N/A       24%         3
 Sublimation of Blood     Necr           3%         N/A       28%         2
 Wereblood                Tmut           3%         N/A       28%         2
 Airstrike                Air            11%        2d(2-18)  36%         4
 Freezing Cloud           Conj/Ice/Air   6%         6-21      91%         5
 Summon Hydra             Summ           1%         N/A       100%        7


Dungeon Overview and Level Annotations

Branches:
Dungeon (3/15)

Altars:
Kikubaaqudgha

Shops:
D:1 [


Innate Abilities, Weirdness & Mutations

Your plain brown scales are hard. (AC +5)
You cannot fit into any form of body armour.
You are cold-blooded and may be slowed by cold attacks.


Message History

The orc priest is struck by an arc of lightning.
The orc priest is severely wounded.
The lightning grounds out.
The orc priest calls down the wrath of Beogh upon you.
Pain shoots through your body!
* * * LOW HITPOINT WARNING * * *
The orc closely misses you. Something hits you but does no damage.
The ball python misses you. The ball python grabs you.
The ball python constricts you.
You feel better.
The ball python bites you but does no damage.
The ball python constricts you.
The orc priest calls upon Beogh to heal the orc.
The orc is healed somewhat.
The orc hits you with a +0 dagger.
* * * LOW HITPOINT WARNING * * *
Something hits you.
* * * LOW HITPOINT WARNING * * *
Casting: Static Discharge (safe; 9% risk of failure)
Confirm with . or Enter, or press ? or * to list all spells.
You feel a surge of power!
The orc is struck by an arc of lightning.
The orc is heavily wounded.
You are struck by an arc of lightning.
* * * LOW HITPOINT WARNING * * *
The ball python is struck by an arc of lightning.
You kill the ball python!
The lightning grounds out.
The orc priest is struck by an arc of lightning.
The orc priest is almost dead.
You are struck by an arc of lightning.
* * * LOW HITPOINT WARNING * * *
The orc priest is struck by an arc of lightning.
You kill the orc priest!
The lightning grounds out.
You hear some strange, mumbled words.
You are confused.
The orc closely misses you.
You're too confused to cast spells.
Something hits you.
You die...

##.... ....!..
.#...#. .......
....... .......
....... .....
$......#....
.......l..####.
#...<.o{l......
.....))@l#
......<#.#
.....o. .#
....?.. ##
##..... ##..$#
.... .....


You could see 2 orcs and 3 frilled lizards.

Vanquished Creatures
  An orc priest (D:3)
  Jessica (D:2)
  An adder (D:2)
  A worm (D:2)
  2 orcs (D:3)
  3 endoplasms
  A giant cockroach (D:2)
  6 goblins (D:2)
  6 hobgoblins
  3 jackals (D:1)
  2 quokkas (D:1)
  8 ball pythons
  4 kobolds
  2 rats
41 creatures vanquished.

Notes
Turn   | Place    | Note
-------+----------+-------------------------------------------
     0 | D:1      | Graphine the Draconian Air Elementalist began the quest for
                  | the Orb.
     0 | D:1      | Reached XP level 1. HP: 14/14 MP: 3/3
   216 | D:1      | Reached XP level 2. HP: 19/22 MP: 1/5
   280 | D:1      | Found Erelut's Armour Boutique.
   418 | D:1      | Learned a level 2 spell: Static Discharge
  1096 | D:1      | Found a faded altar of an unknown god.
  1238 | D:2      | Identified the +1 robe of Ulouk {Harm rF+ rC+}
  1341 | D:2      | Reached XP level 3. HP: 27/27 MP: 3/6
  1436 | D:2      | Noticed Jessica
  1441 | D:2      | Killed Jessica
  1442 | D:2      | Reached skill level 1 in Fighting
  1783 | D:2      | Reached XP level 4. HP: 32/35 MP: 2/7
  2047 | D:2      | Found an ancient bone altar of Kikubaaqudgha.
  2377 | D:3      | HP: 1/35 [/static electricity (3)]
  2378 | D:3      | Slain by an orc wizard

Illustrated notes

Levels and vault maps discovered:
D:1:      dpeg_arrival_tiny_c, layout_loops_cross, serial_shops,
          nicolae_shop_tiny_waterfront,
          dreamdust_ecumenical_altar_hidden_monk_grotto, minmay_misc_feat_alley
D:2:      layout_basic, basic_altar, minmay_goblin_outpost, uniq_jessica
D:3:      layout_rooms, feat_on_display

Skill      XL: |  1  2  3 |
---------------+----------+-----
Dodging        | 2 |  2.3
Fighting       | 1 |  1.5
Conjurations   | 2 |  2.4
Stealth        | |  1.7
Spellcasting   | |  2.4
Air Magic      | |  3.8

Action                     |  1- 3 |  4- 6 || total
---------------------------+-------+-------++-------
  Melee: Unarmed           |    10 |       ||    10
         Short sword       |     9 |       ||     9
         Hand axe          |    33 |       ||    33
         Tailslap          |     6 |       ||     6
         Club              |     5 |     2 ||     7
         Punch             |     1 |       ||     1
   Cast: Shock             |    33 |       ||    33
         Static Discharge  |    10 |     4 ||    14
    Use: Scroll            |     6 |     3 ||     9
         Potion            |       |     2 ||     2
 Armour: Skin              |    20 |     4 ||    24
  Dodge: Dodged            |    38 |     4 ||    42
